 Dungeon Crawl Stone Soup version 0.22-a0-417-g1387785 (webtiles) character file.

1215 iamserjio the Thaumaturge (level 8, -25/59 HPs)
             Began as a Mummy Necromancer on May 14, 2018.
             Was an Initiate of Gozag.
             Annihilated by an ogre
             ... wielding a +0 giant club
              (30 damage)
             ... on level 6 of the Dungeon.
             The game lasted 00:18:41 (8414 turns).

iamserjio the Thaumaturge (Mummy Necromancer)       Turns: 8414, Time: 00:18:42

Health: -25/59     AC:  6    Str: 11    XL:     8   Next: 22%
Magic:  2/20       EV: 12    Int: 16    God:    Gozag
Gold:   493        SH:  0    Dex: 13    Spells: 15/23 levels left

rFire    x . .     SeeInvis .   k - +2 falchion (elec)
rCold    + . .     Gourm    .   (no shield)
rNeg     + + +     Faith    .   o - +3 robe "Angic" {+Inv rPois rC-}
rPois    ∞         Spirit   .   (no helmet)
rElec    .         Reflect  .   j - scarf {repulsion}
rCorr    .         Harm     .   b - +0 pair of gloves
MR       +....                  (no boots)
Stlth    ++........             (no amulet)
HPRegen  0.19/turn              p - ring of protection from cold
MPRegen  0.17/turn              (no ring)

@: gold aura, very slightly contaminated, repel missiles
A: no food or potions, fire vulnerability, cold resistance 1, negative energy
resistance 3, torment resistance, unbreathing
a: Potion Petition, Call Merchant, Bribe Branch, Renounce Religion, Evoke
Invisibility


You were on level 6 of the Dungeon.
You worshipped Gozag.
Gozag was aware of your devotion.
You were not hungry.

You visited 2 branches of the dungeon, and saw 7 of its levels.

You collected 557 gold pieces.
You paid 64 gold pieces to Gozag.

Inventory:

Hand Weapons
 k - a +2 falchion of electrocution (weapon)
 l - a +2 mace of protection
 u - a +2 dagger of speed
Armour
 a - a +0 robe
 b - a +0 pair of gloves (worn)
 j - a scarf of repulsion (worn)
 o - the +3 robe "Angic" (worn) {+Inv rPois rC-}
   (You found it on level 6 of the Dungeon)

   It makes you vulnerable to cold.
   It protects you from poison.
   It lets you turn invisible.
Jewellery
 p - a ring of protection from cold (left hand)
Scrolls
 c - 2 scrolls of enchant armour {unknown}
 d - 2 scrolls of blinking {unknown}
 f - 2 scrolls of fog {unknown}
 g - a scroll of fear {unknown}
 h - a scroll of immolation {unknown}
 i - 4 scrolls of identify {unknown}
 m - a scroll of remove curse
 n - 2 scrolls of magic mapping
 q - 2 scrolls of amnesia {unknown}
 t - 2 scrolls of teleportation {unknown}


   Skills:
 + Level 3.6 Fighting
 - Level 1.5 Dodging
 - Level 1.5 Stealth
 * Level 8.1 Spellcasting
 * Level 7.6 Necromancy


You had 15 spell levels left.
You knew the following spells:

 Your Spells              Type           Power        Failure   Level  Hunger
a - Pain                  Necr           ####         1%          1    N/A
b - Vampiric Draining     Necr           ####......   1%          3    N/A
c - Animate Dead          Necr           N/A          4%          4    N/A

Your spell library contained the following spells:

 Spells                   Type           Power        Failure   Level  Hunger
 Animate Skeleton         Necr           N/A          1%          1    N/A
 Regeneration             Chrm/Necr      ###.......   7%          3    N/A

Dungeon Overview and Level Annotations

Branches:
Dungeon (6/15)             Temple (1/1) D:4

Altars:
Ashenzari
Cheibriados
Dithmenos
Elyvilon
Fedhas
Gozag
Hepliaklqana
Makhleb
Okawaru
Qazlal
Ru
Sif Muna
Trog
Uskayaw
Vehumet
Xom
Yredelemnul
Zin
The Shining One


Innate Abilities, Weirdness & Mutations

You do not eat or drink.
Your flesh is vulnerable to fire.
You are immune to poison.
Your flesh is cold resistant. (rC+)
You are immune to negative energy. (rN+++)
You are immune to unholy pain and torment.
You can survive without breathing.


Message History

The ogre writhes in agony!
Casting: Pain (safe; 1% risk of failure)
Confirm with . or Enter, or press ? or * to list all spells.
Aiming: Vampiric Draining (safe; 1% risk of failure)
Press: ? - help, Shift-Dir - straight line, f/p - ogre
Aim: an ogre, wielding a giant club (moderately wounded)
The ogre is moderately wounded.
You feel life coursing into your body. The ogre barely misses you.
You riposte.
You hit the ogre.
The ogre is heavily wounded.
You slash the ogre!
The ogre is almost dead.
The ogre hits you with a giant club!!
* * * LOW HITPOINT WARNING * * *
You hit the ogre.
The ogre is almost dead.
The ogre hits you with a giant club!!
Ouch! That really hurt!
You die...
Your body crumbles into a pile of gold.

#...# #.##...## ##.#
###.###.####..#####.##
#...#..####.....#..#
###.##..#######....#
#..##..# ####### ######
##.###.# ### #.....#
#...#.# #..
......$######.#.#######
.## #.$$O@...........
##. #.#####...#######
#.8 #.#
##....########.. ..#
###........##.8 ♣#.#
###......###. #.#
##.......## ###
#......... $ #.....#.##
#......##.


You could see an ogre.

Vanquished Creatures
  Sigmund (D:5)
  The ghost of KristoblXynda the Sneak, an amateur SpEn (D:3)
  An orc warrior (D:6)
  An ogre (D:5)
  2 centaurs
  Blork the orc (D:6)
  A wight (D:6)
  2 crimson imps
  2 orc priests (D:4)
  5 orc wizards
  A bullfrog skeleton (D:5)
  A centaur skeleton (D:5)
  An iguana (D:5)
  A worker ant zombie (D:5)
  A howler monkey skeleton (D:5)
  A gnoll (D:3)
  3 adders
  2 oozes
  An adder zombie (D:6)
  3 worms
  3 dart slugs
  4 leopard geckos
  13 orcs
  A giant cockroach (D:2)
  10 goblins
  8 hobgoblins
  7 jackals
  7 kobolds
  5 quokkas
  2 ball pythons
  4 bats
  3 frilled lizards
  A leopard gecko skeleton (D:5)
  6 rats
106 creatures vanquished.

Notes
Turn   | Place    | Note
-------+----------+-------------------------------------------
     0 | D:1      | iamserjio the Mummy Necromancer began the quest for the Orb.
     0 | D:1      | Reached XP level 1. HP: 13/13 MP: 4/4
   379 | D:1      | Reached skill level 3 in Spellcasting
   628 | D:1      | Reached XP level 2. HP: 19/19 MP: 0/6
  1186 | D:2      | Reached XP level 3. HP: 22/24 MP: 1/8
  1496 | D:2      | Reached skill level 4 in Spellcasting
  1913 | D:3      | Found a basalt altar of Yredelemnul.
  1914 | D:3      | Found a radiant altar of Vehumet.
  1918 | D:3      | Reached XP level 4. HP: 30/30 MP: 7/10
  1919 | D:3      | Found a hide-covered altar of Uskayaw.
  2027 | D:3      | Reached skill level 5 in Necromancy
  2064 | D:3      | Learned a level 3 spell: Vampiric Draining
  2268 | D:3      | Found a shadowy altar of Dithmenos.
  2378 | D:3      | Reached XP level 5. HP: 22/36 MP: 7/12
  2742 | D:3      | Found a bloodstained altar of Trog.
  2742 | D:3      | Noticed an eye of draining
  2754 | D:3      | Reached skill level 5 in Spellcasting
  2919 | D:3      | Noticed an eye of draining
  3108 | D:3      | Noticed KristoblXynda's ghost (amateur SpEn)
  3330 | D:3      | Killed KristoblXynda's ghost
  3330 | D:3      | Reached skill level 1 in Fighting
  4223 | D:4      | Found a staircase to the Ecumenical Temple.
  4232 | D:4      | Noticed a phantom
  4234 | Temple   | Entered the Ecumenical Temple
  4242 | Temple   | Became a worshipper of Gozag Ym Sagoz the Greedy
  4709 | D:4      | Learned a level 4 spell: Animate Dead
  4730 | D:4      | Reached XP level 6. HP: 30/43 MP: 6/14
  5480 | D:4      | Reached skill level 6 in Spellcasting
  5647 | D:4      | You fall through a shaft!
  5647 | D:5      | Entered Level 5 of the Dungeon
  6829 | D:5      | Reached XP level 7. HP: 45/50 MP: 16/16
  7152 | D:5      | Noticed Sigmund
  7158 | D:5      | Killed Sigmund
  7158 | D:5      | Reached skill level 7 in Spellcasting
  7234 | D:5      | Found a burning altar of Makhleb.
  7234 | D:5      | Noticed an Executioner
  7237 | D:5      | Noticed a ynoxinul
  7237 | D:5      | Noticed a ynoxinul
  7540 | D:6      | Found an iron altar of Okawaru.
  7546 | D:6      | Found a glowing golden altar of the Shining One.
  7549 | D:6      | Found a sacrificial altar of Ru.
  7552 | D:6      | Found a shimmering altar of Xom.
  7668 | D:6      | Noticed Blork the orc
  7675 | D:6      | Killed Blork the orc
  7783 | D:6      | Reached XP level 8. HP: 24/58 MP: 9/19
  7796 | D:6      | Got a thick robe
  8273 | D:5      | Identified the +3 robe "Angic" {+Inv rPois rC-} (You found it on level 6 of the Dungeon)
  8387 | D:6      | Reached skill level 8 in Spellcasting
  8414 | D:6      | Annihilated by an ogre

Vault maps used:
D:1:      scummos_arrival_checkerplants
D:3:      grunt_dithmenos_smoke_and_mirrors, minitemple, trog_eyes_of_draining
D:4:      minmay_temple_entry_large_hall
D:5:      makhleb_altar_promises_db, first_ration, uniq_sigmund
D:6:      grunt_temple_overflow_cloverleaf, minmay_tree_intersection,
          uniq_blork_the_orc
Temple:   eino_temple_lava

Skill      XL: |  1  2  3  4  5  6  7  8 |
---------------+-------------------------+-----
Spellcasting   | 3 4 5 6 7 8 |  8.1
Necromancy     | 5 6 7 |  7.6
Fighting       | 1 2 3 |  3.6
Dodging        | |  1.5
Stealth        | |  1.5

Action                   |  1- 3 |  4- 6 |  7- 9 || total
-------------------------+-------+-------+-------++-------
Melee: Club              |    25 |    14 |       ||    39
       Dagger            |       |    93 |       ||    93
       Falchion          |       |    62 |    51 ||   113
 Cast: Pain              |    65 |    90 |    11 ||   166
       Vampiric Draining |       |     4 |    11 ||    15
  Use: Scroll            |       |     5 |     2 ||     7
 Stab: Sleeping          |       |     1 |     1 ||     2
Armor: Robe              |     9 |    25 |    13 ||    47
Dodge: Dodged            |    21 |   109 |    40 ||   170
       Deflected         |     2 |     2 |     4 ||     8
       Rpst.: Falchion   |       |    14 |    12 ||    26

Table legend:
 A = Spawn XP
 B = Non-spawn XP
 C = Spawn XP percentage of total XP
 D = Spawn monster count
 E = Non-spawn monster count
 F = Spawn count percentage of total count
 G = Total turns spent on level
                    A         B        C        D         E        F      G
               +---------+---------+-------+---------+---------+-------+---------
         Total |       0 |    1736 |   0.0 |       0 |     106 |   0.0 |  8414
               +---------+---------+-------+---------+---------+-------+---------
           D:1 |       0 |      21 |   0.0 |       0 |      11 |   0.0 |   900
           D:2 |       0 |      70 |   0.0 |       0 |      23 |   0.0 |  1065
           D:3 |       0 |     279 |   0.0 |       0 |      28 |   0.0 |  2463
           D:4 |       0 |     194 |   0.0 |       0 |      14 |   0.0 |  1500
           D:5 |       0 |     681 |   0.0 |       0 |      20 |   0.0 |  1640
           D:6 |       0 |     488 |   0.0 |       0 |       9 |   0.0 |   495
        Temple |       0 |       3 |   0.0 |       0 |       1 |   0.0 |   351
               +---------+---------+-------+---------+---------+-------+---------
